 Dungeon Crawl Stone Soup version 0.25-a0-589-g1e14c549ee (webtiles) character file.

Game seed: 445902179644635677, levelgen mode: deterministic

5753 Essalna the Geomancer (level 10, -1/63 HPs)
             Began as a Gargoyle Earth Elementalist on Mar 9, 2020.
             Was a Priest of Vehumet.
             Slain by a porcupine (9 damage)
             ... on level 10 of the Dungeon.
             The game lasted 00:36:11 (8986 turns).

Essalna the Geomancer (Gargoyle Earth Elementalist) Turns: 8986, Time: 00:36:12

Health: -1/63      AC: 16    Str: 11      XL:     10   Next: 77%
Magic:  2/21       EV: 11    Int: 17 (18) God:    Vehumet [***...]
Gold:   447        SH:  0    Dex:  9 (10) Spells: 14/23 levels left

rFire    + . .     SeeInvis .   K - +3 dagger (venom)
rCold    . . .     Gourm    .   (no shield)
rNeg     + . .     Faith    .   q - +0 ring mail {rF+}
rPois    ∞         Spirit   .   (no helmet)
rElec    +         Reflect  .   (no cloak)
rCorr    .         Harm     .   A - +1 pair of gloves
MR       .....     Clarity  +   (no boots)
Stlth    +.........             (no amulet)
HPRegen  0.20/turn              (no ring)
MPRegen  0.17/turn              (no ring)

@: no status effects
A: big wings, clarity, deterioration 1, dopey 1, negative energy resistance 1,
electricity resistance, unbreathing, petrification resistance, rot immunity, AC
+7
a: Fly, Renounce Religion


You were on level 10 of the Dungeon.
You worshipped Vehumet.
Vehumet was most pleased with you.
You were very hungry.

You visited 2 branches of the dungeon, and saw 11 of its levels.
You also visited: Sewer.

You collected 459 gold pieces.
You spent 12 gold pieces at shops.

Inventory:

Hand Weapons
 e - a +0 short sword
 r - a +1 falchion of holy wrath
 x - a +4 dagger
 K - a +3 dagger of venom (weapon)
Missiles
 b - 172 stones (quivered)
Armour
 c - a +0 robe
 f - a +0 ring mail
 q - a +0 ring mail of fire resistance (worn)
 A - a +1 pair of gloves (worn)
Jewellery
 p - an uncursed amulet of rage
 D - a +2 ring of strength
Wands
 n - a wand of paralysis (10)
 y - a wand of random effects (49)
 E - a wand of scattershot (12)
 H - a wand of flame (14)
 L - a wand of iceblast (9)
Scrolls
 i - 2 scrolls of blinking
 j - 7 scrolls of teleportation
 k - 2 scrolls of remove curse
 m - 2 scrolls of identify
 o - a scroll of fog {unknown}
 t - a scroll of magic mapping
 C - 2 scrolls of enchant weapon
 F - a scroll of fear
 N - 2 scrolls of random uselessness
Potions
 a - a potion of ambrosia
 g - 3 potions of lignification
 h - 3 potions of flight
 l - 4 potions of might
 s - a potion of stabbing {unknown}
 v - 3 potions of curing
 w - a potion of magic {unknown}
 B - 2 potions of brilliance
 I - a potion of cancellation
 J - a potion of invisibility {unknown}
 O - a potion of haste {unknown}
Comestibles
 d - 17 rations
 u - 16 chunks of flesh


   Skills:
 + Level 7.3 Fighting
 + Level 3.6 Short Blades
 + Level 7.2 Armour
 + Level 3.8 Dodging
 - Level 2.1 Stealth
 + Level 7.4 Spellcasting
   Level 0.7 Transmutations
 + Level 10.0 Earth Magic


You had 14 spell levels left.
You knew the following spells:

 Your Spells              Type           Power        Failure   Level  Hunger
a - Sandblast             Erth           #####.       1%          1    None
b - Stone Arrow           Conj/Erth      ###...       2%          3    ##.....
c - Lee's Rapid Deconstr  Erth           #####.....   3%          5    #####..

Your spell library contained the following spells:

 Spells                   Type           Power        Failure   Level  Hunger
 Dazzling Flash           Conj/Hex       #.....       17%         3    ##.....
 Passwall                 Tmut/Erth      ###.....     3%          2    None
 Foxfire                  Conj/Fire      #...         7%          1    None
 Magic Dart               Conj           #...         7%          1    None
 Conjure Flame            Conj/Fire      #.......     17%         3    ##.....
 Inner Flame              Hex/Fire       #.......     17%         3    ##.....
 Mephitic Cloud           Conj/Pois/Air  #.......     17%         3    ##.....
 Summon Small Mammal      Summ           #...         24%         1    None
 Petrify                  Tmut/Erth      ###.....     26%         4    ####...
 Blink                    Tloc           N/A          34%         2    None
 Call Imp                 Summ           #.......     34%         2    None
 Slow                     Hex            #.......     34%         2    None
 Sticky Flame             Conj/Fire      #.......     50%         4    ####...
 Call Canine Familiar     Summ           #.......     56%         3    ##.....
 Summon Guardian Golem    Hex/Summ       #.......     56%         3    ##.....
 Fireball                 Conj/Fire      #.........   82%         5    #####..
 Summon Ice Beast         Ice/Summ       #.......     93%         4    ####...
 Summon Lightning Spire   Summ/Air       #.......     93%         4    ####...


Dungeon Overview and Level Annotations

Branches:
Dungeon (10/15)            Temple (1/1) D:6           Sewer (visited)
   Lair: D:8-11         Orc: D:9-12

Altars:
Ashenzari
Cheibriados
Dithmenos
Elyvilon
Fedhas
Gozag
Hepliaklqana
Kikubaaqudgha
Makhleb
Nemelex Xobeh
Okawaru
Sif Muna
Uskayaw
Vehumet
Wu Jian
Xom
The Shining One
Beogh

Shops:
D:8 !


Innate Abilities, Weirdness & Mutations

You are resistant to torment.
Your stone body is resilient. (AC +7)
You are immune to poison.
You resist negative energy. (rN+)
You are resistant to electric shocks. (rElec)
You can survive without breathing.
You are immune to petrification.
You are immune to rotting.
Your large and strong wings let you fly indefinitely.
You possess an exceptional clarity of mind.
Your body sometimes deteriorates upon taking damage.
You are dopey. (Int -2)


Message History

* * * LOW HITPOINT WARNING * * *
The porcupine misses you.
Casting: Sandblast (safe; 1% risk of failure)
Confirm with . or Enter, or press ? or * to list all spells.
Aiming: Sandblast (safe; 1% risk of failure)
Press: ? - help, Shift-Dir - straight line, f/p - yak
Aim: a yak (almost dead)
The blast of sand hits the yak!
You kill the yak!
Vehumet accepts your kill.
You feel your power returning.
b - 172 stones The porcupine bites you but does no damage.
A yak comes into view.
The porcupine misses you. The adder misses you.
You see here a yak corpse.
The porcupine misses you.
There is a stone staircase leading down here.
The porcupine bites you!
You die...

#...####
#<.....#
##Y#......
#Y.# .....
##.## ....
##Y.# ...
###..## ..
#.rS..# .
#.@...#
#.....#
#......#
#.........
##########


You could see 3 yaks, a porcupine and an adder.

Vanquished Creatures
  A troll (D:9)
  4 hippogriffs
  6 yaks
  A water moccasin (D:8)
  2 orc warriors
  5 ice beasts
  A phantom (D:6)
  3 ogres
  2 centaurs
  A crocodile (D:9)
  8 big kobolds
  3 bullfrogs
  2 scorpions
  2 jellies
  3 killer bees (D:8)
  9 wights
  2 crimson imps
  3 hounds
  3 orc priests
  A centaur skeleton (D:5)
  2 bullfrog skeletons
  4 iguanas
  Jessica (D:2)
  Natasha (thrice) (D:3)
  3 orc wizards
  5 worker ants
  3 hound skeletons
  3 gnolls (D:7)
  10 adders
  7 river rats
  3 shadow imps
  2 oozes (Sewer)
  2 adder skeletons
  8 worms
  2 dart slugs (D:1)
  4 leopard geckos
  48 orcs
  7 ball pythons
  6 bats
  3 giant cockroaches
  10 hobgoblins
  33 kobolds
  3 quokkas
  4 frilled lizards
  7 goblins
  A quokka zombie (D:8)
  15 rats
261 creatures vanquished.

Vanquished Creatures (others)
  A kobold (D:5)
  A fungus (D:9)
  4 plants (D:9)
6 creatures vanquished.

Grand Total: 267 creatures vanquished

Notes
Turn   | Place    | Note
-------+----------+-------------------------------------------
     0 | D:1      | Essalna the Gargoyle Earth Elementalist began the quest for
                  | the Orb.
     0 | D:1      | Reached XP level 1. HP: 10/10 MP: 3/3
   160 | D:1      | Reached XP level 2. HP: 8/15 MP: 3/5
   245 | D:1      | Reached skill level 4 in Earth Magic
   968 | D:1      | Reached XP level 3. HP: 13/19 MP: 3/6
  1311 | D:2      | Noticed Jessica
  1320 | D:2      | Killed Jessica
  1320 | D:2      | Reached XP level 4. HP: 11/24 MP: 2/8
  1332 | D:2      | Reached skill level 5 in Earth Magic
  1601 | D:2      | Found a shimmering blue altar of Sif Muna.
  1602 | D:2      | Found an ancient bone altar of Kikubaaqudgha.
  1602 | D:2      | Found a shadowy altar of Dithmenos.
  1603 | D:2      | Found a hide-covered altar of Uskayaw.
  1995 | D:3      | Found a blossoming altar of Fedhas.
  2093 | D:3      | Noticed Natasha
  2096 | D:3      | Killed Natasha
  2096 | D:3      | Reached XP level 5. HP: 28/28 MP: 7/10
  2176 | D:3      | Noticed Natasha
  2189 | D:3      | Killed Natasha
  2319 | D:3      | Found a glowing drain.
  2326 | D:3      | HP: 1/28 [adder (3)]
  2335 | Sewer    | Entered a sewer
  2648 | Sewer    | Reached skill level 6 in Earth Magic
  2657 | Sewer    | Learned a level 3 spell: Stone Arrow
  2663 | Sewer    | Learned a level 5 spell: Lee's Rapid Deconstruction
  2671 | Sewer    | Noticed a big kobold
  2678 | Sewer    | Killed a big kobold
  2678 | Sewer    | Reached skill level 1 in Fighting
  2678 | Sewer    | Reached skill level 1 in Armour
  2678 | Sewer    | Reached XP level 6. HP: 34/34 MP: 5/12
  3021 | Sewer    | Reached XP level 7. HP: 19/40 MP: 0/13
  3612 | Sewer    | Reached skill level 7 in Earth Magic
  3721 | D:3      | Found a hazy altar of Hepliaklqana.
  3723 | D:3      | Noticed Natasha
  3730 | D:3      | Killed Natasha
  4087 | D:4      | Reached skill level 5 in Spellcasting
  4185 | D:4      | Found an ornate altar of the Wu Jian Council.
  4261 | D:4      | Reached XP level 8. HP: 38/46 MP: 5/15
  4645 | D:5      | Entered Level 5 of the Dungeon
  5288 | D:5      | Found a snail-covered altar of Cheibriados.
  5706 | D:6      | Reached skill level 8 in Earth Magic
  5845 | D:6      | Found a staircase to the Ecumenical Temple.
  5874 | Temple   | Entered the Ecumenical Temple
  5906 | Temple   | Became a worshipper of Vehumet
  5932 | D:6      | Found a white marble altar of Elyvilon.
  5975 | D:6      | Reached skill level 5 in Fighting
  5980 | D:6      | Reached skill level 5 in Armour
  5980 | D:6      | Reached XP level 9. HP: 31/54 MP: 0/18
  6531 | D:6      | Found a burning altar of Makhleb.
  6868 | D:7      | Reached skill level 1 in Short Blades
  6931 | D:7      | Reached * piety under Vehumet
  6931 | D:7      | Offered knowledge of Foxfire by Vehumet.
  7062 | D:7      | Reached skill level 9 in Earth Magic
  7265 | D:7      | Found an opulent altar of Gozag.
  7518 | D:7      | Reached XP level 10. HP: 58/61 MP: 5/20
  7912 | D:8      | Found Fogui's Distillery.
  7915 | D:8      | Bought a potion of degeneration for 12 gold pieces
  7962 | D:8      | Gained mutation: You occasionally shout uncontrollably at
                  | your foes. [potion of mutation]
  7962 | D:8      | Gained mutation: You are agile. (Dex +2) [potion of
                  | mutation]
  7963 | D:8      | Lost mutation: You are agile. (Dex +2) [potion of mutation]
  7963 | D:8      | Lost mutation: You occasionally shout uncontrollably at
                  | your foes. [potion of mutation]
  7963 | D:8      | Gained mutation: Your body sometimes deteriorates upon
                  | taking damage. [potion of mutation]
  7963 | D:8      | Gained mutation: You possess an exceptional clarity of
                  | mind. [potion of mutation]
  7963 | D:8      | Gained mutation: You are dopey. (Int -2) [potion of
                  | mutation]
  7963 | D:8      | Gained mutation: Your large and strong wings let you fly
                  | indefinitely. [potion of mutation]
  8213 | D:8      | Reached ** piety under Vehumet
  8213 | D:8      | Offered knowledge of Freeze by Vehumet.
  8800 | D:9      | Offered knowledge of Dazzling Flash by Vehumet.
  8859 | D:9      | Reached *** piety under Vehumet
  8860 | D:9      | Found a roughly hewn altar of Beogh.
  8947 | D:9      | Reached skill level 10 in Earth Magic
  8976 | D:10     | Entered Level 10 of the Dungeon
  8986 | D:10     | Slain by a porcupine

Levels and vault maps discovered:
D:1:      doesnt_arrival_eight_statues, layout_basic
D:2:      layout_basic, chequers_temple_overflow_statue_of_worship,
          first_ration, uniq_jessica
D:3:      layout_rooms, lemuel_doored_altar, fedhas_altar_3,
          portal_sewer_entry_e, uniq_natasha
D:4:      layout_loops_cross, nicolae_overflow_crystal_walls
D:5:      kennysheep_kobold_camp, layout_gridville, lemuel_crystal_altar
D:6:      layout_loops_ring, kennysheep_mini_moat,
          minmay_temple_entry_proselytizer, elyvilon_altar_5
D:7:      layout_gridville, nicolae_gozag_cash_rules_everything_around_me
D:8:      layout_loops_corners, serial_shops, nicolae_shop_behind_doors
D:9:      layout_long_grid, minmay_lair_entry_grove, special_room
          [special_room_orc]
D:10:     layout_rooms, zombieorc2_lemuel, hangedman_stone_soup, st_stairs_3,
          nemelex_altar_shiori
Temple:   hc_temple_tempest_star

Skill      XL: |  1  2  3  4  5  6  7  8  9 10 |
---------------+-------------------------------+-----
Earth Magic    | 4 5 6 7 8 9 10 | 10.0
Spellcasting   | 3 4 5 6 7 |  7.4
Fighting       | 1 2 3 5 6 7 |  7.3
Armour         | 1 3 5 6 7 |  7.2
Dodging        | 2 3 |  3.8
Short Blades   | 2 3 |  3.6
Stealth        | |  2.1
Transmutations | |  0.7

Action                   |  1- 3 |  4- 6 |  7- 9 | 10-12 || total
-------------------------+-------+-------+-------+-------++-------
Melee: Unarmed           |    29 |       |       |       ||    29
       Short sword       |    72 |    83 |       |       ||   155
       Falchion          |       |    62 |   118 |       ||   180
       Dagger            |       |       |   395 |   240 ||   635
 Cast: Sandblast         |    20 |    51 |    37 |     8 ||   116
       Stone Arrow       |       |     1 |    46 |       ||    47
       Lee's Rapid Decon |       |       |     8 |    14 ||    22
  Use: Scroll            |       |       |       |    18 ||    18
       Potion            |       |       |       |     3 ||     3
 Stab: Sleeping          |       |     1 |       |       ||     1
  Eat: Chunk             |     2 |     4 |    19 |     7 ||    32
       Ration            |       |       |     1 |       ||     1
Armor: Robe              |    28 |       |       |       ||    28
       Ring mail         |    39 |    85 |   268 |   130 ||   522
Dodge: Dodged            |   107 |    97 |   315 |   177 ||   696
       Rpst.: Falchion   |       |    13 |    24 |       ||    37

Table legend:
 A = Non-vault XP
 B = Vault XP
 C = Vault XP percentage of total XP
 D = Non-vault monster count
 E = Vault monster count
 F = Vault count percentage of total count
                 A         B        C        D         E       F
            +---------+---------+-------+---------+---------+-------
      Total |    6976 |    1243 |  15.1 |     175 |      86 |  33.0
            +---------+---------+-------+---------+---------+-------
        D:1 |      45 |       0 |   0.0 |      26 |       0 |   0.0
        D:2 |      50 |      37 |  42.5 |      19 |       1 |   5.0
        D:3 |     138 |      97 |  41.3 |      13 |       9 |  40.9
        D:4 |     334 |       2 |   0.6 |      12 |       2 |  14.3
        D:5 |     407 |     121 |  22.9 |      14 |      18 |  56.2
        D:6 |    1313 |      43 |   3.2 |      29 |       1 |   3.3
        D:7 |    1380 |       0 |   0.0 |      23 |       0 |   0.0
        D:8 |    1470 |       0 |   0.0 |      29 |       0 |   0.0
        D:9 |    1630 |     223 |  12.0 |       9 |      27 |  75.0
       D:10 |     209 |       0 |   0.0 |       1 |       0 |   0.0
      Sewer |       0 |     720 | 100.0 |       0 |      28 | 100.0
            +---------+---------+-------+---------+---------+-------
